 Dungeon Crawl Stone Soup version 0.24-a0-93-ge1bfdf8 (webtiles) character file.

Game seed: 8106481430215973540

17 MalarOregon the Magician (level 2, -1/19 HPs)
             Began as a Merfolk Wizard on Feb 11, 2019.
             Slain by a kobold
             ... wielding a +0 short sword
              (4 damage)
             ... on level 1 of the Dungeon.
             The game lasted 00:03:33 (688 turns).

MalarOregon the Magician (Merfolk Wizard)            Turns: 688, Time: 00:03:34

Health: -1/19      AC:  2    Str:  7    XL:     2   Next: 62%
Magic:  1/6        EV: 13    Int: 17    God:
Gold:   60         SH:  0    Dex: 12    Spells: 6/7 levels left

rFire    . . .     SeeInvis .   k - +0 dagger
rCold    . . .     Gourm    .   (no shield)
rNeg     . . .     Faith    .   a - +0 robe
rPois    .         Spirit   .   b - +0 hat
rElec    .         Reflect  .   (no cloak)
rCorr    .         Harm     .   (no gloves)
MR       .....                  (no boots)
Stlth    ++........             (no amulet)
HPRegen  0.06/turn              (no ring)
MPRegen  0.10/turn              (no ring)

@: no status effects
A: change form in water, swift swim, stealthy swim
a: no special abilities


You were on level 1 of the Dungeon.
You were not hungry.

You visited 1 branch of the dungeon, and saw 1 of its levels.

You collected 60 gold pieces.

Inventory:

Hand Weapons
 k - a +0 dagger (weapon)
   (You took it off a goblin on level 1 of the Dungeon)
Missiles
 m - 4 javelins (quivered)
Armour
 a - a +0 robe (worn)
 b - a +0 hat (worn)
 l - a scarf of resistance
   (You found it on level 1 of the Dungeon)
Scrolls
 g - 2 scrolls of identify {unknown}
 h - 2 scrolls of teleportation {unknown}
 j - 2 scrolls of remove curse {unknown}
Potions
 c - a potion of degeneration {unknown}
 f - a potion of magic {unknown}
 i - 2 potions of curing {unknown}
Comestibles
 d - a chunk of flesh
 e - a ration {!d}


   Skills:
 + Level 3.2 Dodging
 - Level 2.1 Stealth
 + Level 3.2 Spellcasting
 + Level 1.2 Conjurations
   Level 1.0 Summonings
   Level 0.7 Translocations


You had 6 spell levels left.
You knew the following spells:

 Your Spells              Type           Power        Failure   Level  Hunger
a - Magic Dart            Conj           #...         10%         1    None

Your spell library contained the following spells:

 Spells                   Type           Power        Failure   Level  Hunger
 Call Imp                 Summ           #.......     17%         2    ##.....
 Blink                    Tloc           N/A          19%         2    ##.....
 Slow                     Hex            #.......     26%         2    ##.....
 Conjure Flame            Conj/Fire      #.......     36%         3    ###....
 Mephitic Cloud           Conj/Pois/Air  #.......     41%         3    ###....


Dungeon Overview and Level Annotations

Branches:
Dungeon (1/15)

Altars:


Message History

You closely miss the jackal.
The jackal bites you but does no damage.
The jackal closely misses you.
You hit the jackal. The jackal barely misses you.
You closely miss the jackal.
The jackal barks!
The jackal bites you.
You miss the jackal. The jackal bites you. The jackal misses you.
You miss the jackal. The jackal closely misses you.
You closely miss the jackal. The jackal barely misses you.
The jackal closely misses you.
Aim: a jackal (severely wounded)
The magic dart hits the jackal but does no damage.
The jackal closely misses you.
Aim: a jackal (severely wounded)
The magic dart hits the jackal.
You kill the jackal!
Aim: a jackal The magic dart hits the jackal but does no damage.
The jackal bites you but does no damage.
The jackal bites you.
Aim: a jackal The magic dart hits the jackal.
The jackal misses you.
Aim: a jackal (heavily wounded)
The magic dart hits the jackal.
The jackal bites you. x2
Aim: a jackal (severely wounded)
The magic dart hits the jackal.
The jackal bites you.
You hit the jackal but do no damage. The jackal barely misses you.
You hit the jackal.
You kill the jackal!
You closely miss the jackal. The jackal barely misses you.
The jackal closely misses you.
You hit the jackal. The jackal closely misses you.
You barely miss the jackal. The jackal closely misses you.
The jackal misses you.
Aim: a jackal (heavily wounded)
The magic dart hits the jackal.
You kill the jackal!
You hit the kobold but do no damage. The kobold closely misses you.
You hit the kobold. The kobold misses you.
You closely miss the kobold. The kobold completely misses you.
You barely miss the kobold.
The kobold hits you with a +0 short sword.
* * * LOW HITPOINT WARNING * * *
You are too injured to fight recklessly!
You hit the kobold.
The kobold hits you with a +0 short sword.
* * * LOW HITPOINT WARNING * * *
The kobold hits you with a +0 short sword.
You die...

#.#......#.....# #.....
#.########..[..# #..... #
#.....# #..... #.....#
#...## # #.....# #..##.
#.. ######.#..# #...##
#...###.........# #....#
#...............# #.....
#......@#####...#####...
#...####K...............
# #.......#.#÷.....## ##
#h#.###.#.#......## .K.##
#.#.....#.#......##
......#†#######.#......##
.(.h.....................
......#.........#......##
###...#########...#######


You could see a kobold.

Vanquished Creatures
  6 bats (D:1)
  A goblin (D:1)
  2 hobgoblins (D:1)
  3 jackals (D:1)
  3 frilled lizards (D:1)
  A kobold (D:1)
16 creatures vanquished.

Notes
Turn   | Place    | Note
-------+----------+-------------------------------------------
     0 | D:1      | MalarOregon the Merfolk Wizard began the quest for the Orb.
     0 | D:1      | Reached XP level 1. HP: 13/13 MP: 4/4
   262 | D:1      | Reached skill level 1 in Conjurations
   332 | D:1      | Reached XP level 2. HP: 15/19 MP: 0/6
   688 | D:1      | Slain by a kobold

Levels and vault maps discovered:
D:1:      erik_arrival_blinker_ship, layout_basic, minmay_circled_x

Skill      XL: |  1 |
---------------+----+-----
Dodging        | 3 |  3.2
Conjurations   | 1 |  1.2
Stealth        | |  2.1
Spellcasting   | |  3.2
Summonings     | |  1.0
Translocations | |  0.7

Action                   || total
-------------------------++-------
Melee: Unarmed           ||    12
       Dagger            ||    18
 Cast: Magic Dart        ||    41
Armor: Robe              ||     7
Dodge: Dodged            ||    42

Table legend:
 A = Non-vault XP
 B = Vault XP
 C = Vault XP percentage of total XP
 D = Non-vault monster count
 E = Vault monster count
 F = Vault count percentage of total count
                 A         B        C        D         E       F
            +---------+---------+-------+---------+---------+-------
      Total |      19 |       6 |  24.0 |      12 |       4 |  25.0
            +---------+---------+-------+---------+---------+-------
        D:1 |      19 |       6 |  24.0 |      12 |       4 |  25.0
            +---------+---------+-------+---------+---------+-------
